 Dungeon Crawl Stone Soup version 0.19.4-8-ga85b6b9 (webtiles) character file.

793 uglyjohn the Slasher (level 8, 0/62 HPs)
             Began as a Formicid Fighter on Feb 14, 2017.
             Slain by Edmund
             ... wielding a +8 dire flail of draining
              (4 damage)
             ... on level 4 of the Dungeon.
             The game lasted 00:07:32 (3761 turns).

uglyjohn the Slasher (Formicid Fighter)             Turns: 3761, Time: 00:07:34

Health: 0/62       AC:  8    Str: 22    XL:     8   Next: 12%
Magic:  8/8        EV:  7    Int:  8    God:
Gold:   209        SH:  9    Dex: 11    Spells: 0 memorised, 7 levels left

rFire  . . .     SeeInvis +     a - +0 long sword
rCold  . . .     Gourm    .     b - +0 scale mail
rNeg   . . .     Faith    .     c - +0 shield
rPois  .         Spirit   .     (helmet unavailable)
rElec  .         Reflect  .     x - +1 cloak (curse)
rCorr  +         Harm     .     (no gloves)
MR     .....                    (no boots)
Stlth  +.........               (no amulet)
                                j - ring of resist corrosion
                                g - ring of stealth

@: heavily drained
A: permanent stasis, dig shafts and tunnels, four strong arms, antennae 3
a: Dig, Shaft Self


You were on level 4 of the Dungeon.
You were hungry.

You visited 1 branch of the dungeon, and saw 7 of its levels.

You collected 209 gold pieces.

Inventory:

Hand Weapons
 a - a +0 long sword (weapon)
Armour
 b - a +0 scale mail (worn)
 c - a +0 shield (worn)
 x - a cursed +1 cloak (worn)
Jewellery
 g - a ring of stealth (left hand)
 j - a ring of resist corrosion (right hand)
Wands
 k - a wand of flame (30/48)
 q - a wand of iceblast (5/15)
Scrolls
 i - a scroll of remove curse {unknown}
 l - a scroll of blinking {unknown}
 o - 4 scrolls of immolation
 p - a scroll of enchant armour
 r - a scroll of magic mapping {unknown}
 s - 2 scrolls of recharging {unknown}
 w - 3 scrolls of teleportation {unknown}
Potions
 e - a potion of lignification
 h - 2 potions of flight
 n - a potion of haste
 u - a potion of resistance {unknown}
 v - a potion of magic {unknown}
 z - a potion of curing
Comestibles
 f - 2 bread rations
 m - 5 fruits
 t - 3 meat rations
 A - a slice of pizza


   Skills:
 + Level 5.2(2.7) Fighting
 * Level 5.9(3.3) Long Blades
 + Level 5.2(2.7) Armour
 + Level 5.7(3.1) Shields


You had 7 spell levels left.
You didn't know any spells.

Dungeon Overview and Level Annotations

Branches:
Dungeon (7/15)
 Temple: D:4-7

Altars:
Dithmenos
Makhleb
Yredelemnul
The Shining One

Annotations:
D:4 Buane's ghost, amateur MfGl; Edmund
D:5 Menkaure


Innate Abilities, Weirdness & Mutations

You are under a permanent stasis effect.
You can dig through walls and to a lower floor.
Your four strong arms can wield two-handed weapons with a shield.
You have a pair of large antennae on your head. (SInv)


Message History

* * * LOW HITPOINT WARNING * * *
You feel drained.
* * * LOW HITPOINT WARNING * * *
You barely miss Edmund.
Edmund is heavily wounded.
You block Edmund's attack.
You hit Edmund.
Edmund is severely wounded.
You block Edmund's attack.
You closely miss Edmund.
Edmund is severely wounded.
Edmund barely misses you.
You hit Edmund.
Edmund is severely wounded.
Edmund grinds his teeth, and then sighs.
Edmund hits you with a dire flail of draining.
* * * LOW HITPOINT WARNING * * *
You feel drained.
Edmund hits you with a dire flail of draining.
You die... {{ {{{ ..
P{{{{ {{ ...
P{{{{

♣ ...# {{{♣P{
♣♣♣ ...#
{{{{♣♣♣.. #..#
#...#.. #..#
#.....#
..###..###
#....##
#....@@.###
##....#
.....###...####
#....## ..#
####.^.###...##
###...#...#
###....##
#...).#
##...#)#
#...###.#
##..## #.#


You could see Edmund.

Vanquished Creatures
  Duvessa (D:4)
  An ogre (D:5)
  A centaur (D:4)
  A bullfrog (D:3)
  Dowan (D:4)
  A howler monkey (D:7)
  Crazy Yiuf (D:3)
  3 hounds
  An iguana (D:4)
  An orc wizard (D:4)
  Natasha (D:3)
  A worker ant (D:4)
  Ijyb (D:2)
  3 adders
  2 worms
  4 dart slugs
  3 leopard geckos
  6 orcs
  A ball python (D:6)
  6 giant cockroaches
  2 gnoll zombies (D:3)
  4 goblins
  4 hobgoblins
  8 jackals
  9 kobolds
  A quokka (D:2)
  7 bats
  6 frilled lizards
  A quokka skeleton (D:4)
  8 rats
90 creatures vanquished.

Notes
Turn   | Place    | Note
-------+----------+-------------------------------------------
     0 | D:1      | uglyjohn the Formicid Fighter began the quest for the Orb.
     0 | D:1      | Reached XP level 1. HP: 18/18 MP: 1/1
   185 | D:1      | Reached XP level 2. HP: 21/24 MP: 2/2
   403 | D:1      | You fall through a shaft!
   646 | D:2      | Noticed Ijyb
   649 | D:2      | Reached XP level 3. HP: 29/29 MP: 3/3
   662 | D:2      | Killed Ijyb
   703 | D:2      | Reached XP level 4. HP: 32/35 MP: 4/4
   860 | D:2      | Found a burning altar of Makhleb.
   954 | D:2      | Reached XP level 5. HP: 42/42 MP: 5/5
  1567 | D:3      | Found a shadowy altar of Dithmenos.
  1634 | D:3      | Noticed Natasha
  1645 | D:3      | Killed Natasha
  1771 | D:3      | Found a runed door.
  1866 | D:3      | Noticed Crazy Yiuf
  1875 | D:3      | Killed Crazy Yiuf
  1936 | D:3      | Reached XP level 6. HP: 34/48 MP: 6/6
  2020 | D:3      | Found a glowing golden altar of the Shining One.
  2110 | D:3      | Found a basalt altar of Yredelemnul.
  2922 | D:4      | Reached skill level 5 in Shields
  2922 | D:4      | Reached XP level 7. HP: 28/55 MP: 7/7
  2924 | D:4      | Noticed Buane's ghost (amateur MfGl)
  2935 | D:4      | Reached skill level 5 in Long Blades
  2938 | D:4      | You fall through a shaft for 3 floors!
  2979 | D:5      | Entered Level 5 of the Dungeon
  2979 | D:5      | Noticed Menkaure
  3342 | D:4      | Reached skill level 5 in Fighting
  3354 | D:4      | Noticed Dowan
  3355 | D:4      | Noticed Duvessa
  3368 | D:4      | Killed Duvessa
  3368 | D:4      | Reached skill level 5 in Armour
  3368 | D:4      | Reached XP level 8. HP: 12/62 MP: 8/8
  3369 | D:4      | Killed Dowan
  3738 | D:4      | Noticed Edmund
  3761 | D:4      | Slain by Edmund

Skill      XL: |  1  2  3  4  5  6  7 |
---------------+----------------------+-----
Shields        | 4 5 |  5.7
Long Blades    | 3 4 5 |  5.9
Fighting       | 4 5 |  5.2
Armour         | 4 5 |  5.2

Action                   |  1- 3 |  4- 6 |  7- 9 || total
-------------------------+-------+-------+-------++-------
Melee: Long sword        |    70 |   206 |    84 ||   360
 Abil: Dig               |       |     1 |     1 ||     2
       Shaft Self        |       |       |     1 ||     1
  Use: Scroll            |       |     3 |     2 ||     5
       Potion            |       |     1 |     3 ||     4
  Eat: Chunk             |       |     7 |     3 ||    10
Armor: Scale mail        |    40 |    82 |    27 ||   149
Dodge: Dodged            |    31 |    63 |    25 ||   119
Block: Shield            |    43 |   109 |    52 ||   204
       Rpst.: Long sword |    13 |    18 |    11 ||    42
